[Event "44th Chess Olympiad Women 2022"]
[Site "Chennai"]
[Date "2022.07.29"]
[Round "1.35"]
[White "Zhang, Jilin"]
[Black "da Silva, Sonizia A.Tilman"]
[Result "1-0"]
[WhiteElo "2212"]
[BlackElo "1507"]
[Annotator "NA RC"]
[PlyCount "99"]
[EventDate "2022.??.??"]
[TimeControl "60"]

1. e4 Nc6 2. Nf3 e5 3. d4 exd4 4. Nxd4 Nxd4 5. Qxd4 b6 6.
Nc3 Nf6 7. Bg5 Bc5 8. Qd2 h6 9. Be3 Bb4 10. f3 Qe7 11. a3 Bd6 12. O-O-O Bb7 13. g4 Bc6 14. Nb5 Be5 15. Nd4 Bb7 16. Nf5 Qf8 17. Bd4 Bxd4 18.
Qxd4 O-O-O 19. Qa4 Kb8 20. Ba6 Bc6 21. Qc4 g6 22. Nd4 Qd6 23.
Kb1 Nh7 24. h4 f5 25. gxf5 gxf5 26. Nxf5 Qe6 27. Qxe6 dxe6 28.
Nxh6 Rdf8 29. Ng4 Bb7 30. Bxb7 Kxb7 31. Ne5 Nf6 32. Ng6 Nh5 33. Nxh8 Rxh8 34. Rdg1 Rf8 35. Rg5 Nf4 36. h5 Rh8 37. h6 e5 38. h7 Rxh7 39. Rxh7 a5 40. Rxe5 Ng6 41. Rg5 Nf4 42. Rgg7 Ne6 43. Re7 Ng5 44. Rxc7+ Kb8 45. Rb7+ Kc8 46. Rhc7+ Kd8 47. Rg7 Kc8 48. Rbe7 Kd8 49. Ra7 Nf7 50. Rg8# 1-0

[Event "44th Chess Olympiad Women 2022"]
[Site "Chennai"]
[Date "2022.07.29"]
[Round "1.36"]
[White "Alboredo, Julia"]
[Black "Ben Said, Safa"]
[Result "1-0"]
[WhiteElo "2264"]
[BlackElo "1564"]
[Annotator "NA RC"]
[PlyCount "51"]
[EventDate "2022.??.??"]
[TimeControl "60"]

1. e4 e6 2. d4 d5 3. Nc3 Nf6 4. e5 Nfd7 5. f4 c5 6. Nf3 Nc6 7. Be3 cxd4 8. Nxd4 Nxd4 9. Bxd4 Bb4 10. Qg4 O-O 11. O-O-O Bc5 12. h4 Qe7 13. h5 Bxd4 14. Rxd4 f6 15. exf6 Qxf6 16. Qd1 Qh6 17. Qd2 Nf6 18. Be2 b6 19. g4 e5 20. g5 Ne4 21. Rxe4 Qc6 22. Nxd5 Kh8 23.
h6 Bf5 24. hxg7+ Kxg7 25. Rxe5 Rfe8 26. Rxf5 1-0

[Event "44th Chess Olympiad Women 2022"]
[Site "Chennai"]
[Date "2022.07.29"]
[Round "1.36"]
[White "Haouas, Zeineb"]
[Black "Gazola, Vanessa Ramos"]
[Result "0-1"]
[WhiteElo "1337"]
[BlackElo "2000"]
[Annotator "NA RC"]
[PlyCount "67"]
[EventDate "2022.??.??"]
[TimeControl "60"]

1. d4 Nf6 2. c4 g6 3. Nc3 d5 4. e3 Bg7 5. Bd3 O-O 6. Nf3 c5 7. O-O cxd4 8.
exd4 Nc6 9. a3 Bg4 10. Be3 Rc8 11. cxd5 Nxd5 12. Be4 Nxe3 13. fxe3 Na5 14. Bd3 Be6 15. Nd2 Bxd4 16. exd4 Qxd4+ 17. Kh1 Qxd3 18. Rf3 Qd4 19. Qe1 Nc4 20. Nxc4 Qxc4 21. Qf2 Qc5 22. Qf1 Rcd8 23. Qe1 h6 24. Rg3 Kh7 25. Rc1 Qd4 26. Rd1 Qb6 27. b4 Rxd1 28. Qxd1 Rd8 29. Qe1 Qd4 30. Rf3 a6 31. Rf2 Rc8 32. Ne4 Qxe4 33. Qd2 Qb1+ 34. Qd1 0-1

[Event "44th Chess Olympiad Women 2022"]
[Site "Chennai"]
[Date "2022.07.29"]
[Round "1.36"]
[White "Meddeb, Chadha"]
[Black "Librelato, Kathie Goulart"]
[Result "0-1"]
[WhiteElo "1561"]
[BlackElo "2255"]
[Annotator "ChessBase"]
[PlyCount "68"]
[EventDate "2022.??.??"]
[TimeControl "60"]

1. e4 e5 2. Nf3 Nc6 3. d4 exd4 4. Nxd4 Nf6 5. Nxc6 bxc6 6.
Bd3 d5 7. e5 Ng4 8. Bf4 Bc5 9. O-O g5 10. Bg3 h5 11. h3 h4 12. Bh2 Nxh2 13.
Kxh2 Bd4 14. c3 Bxe5+ 15. Kg1 Qf6 16. Nd2 g4 17. f4 Bxf4 18.
Qe1+ Be6 19. Qf2 Bh2+ 20. Kh1 Qxf2 21. Rxf2 Bg3 22. Re2 gxh3 23. gxh3 O-O-O 24. Rf1 Rde8 25. Nb3 Bxh3 26. Rxe8+ Rxe8 27. Bf5+ Bxf5 28. Rxf5 h3 29. Rf1 f5 30. Nd4 f4 31. Nxc6 f3 32. Nd4 f2 33. Nf5 Bf4 34. a4 Re1 0-1

[Event "44th Chess Olympiad Women 2022"]
[Site "Chennai"]
[Date "2022.07.29"]
[Round "1.36"]
[White "Terao, Juliana Sayumi"]
[Black "Laaribi, Mariem"]
[Result "1-0"]
[WhiteElo "2223"]
[BlackElo "1278"]
[Annotator "NA RC"]
[PlyCount "49"]
[EventDate "2022.??.??"]
[TimeControl "60"]

1. e4 c5 2. c3 d6 3. d4 cxd4 4. cxd4 Nf6 5. Nc3 e6 6. Nf3 Be7 7. Bd3 O-O 8. O-O Bd7 9. Qe2 Bc6 10. Rd1 Nbd7 11. Bc2 d5 12. e5 Ne4 13. Nxe4 dxe4 14. Bxe4 Bxe4 15. Qxe4 b5 16. d5 Nc5 17. Qg4 f5 18. exf6 Bxf6 19. Be3 Nb7 20. dxe6 Qe7 21. Rd7 Qe8 22. Rxb7 a6 23. Rd1 Qc6 24. Rdd7 Kh8 25. Rbc7 1-0

[Event "44th Chess Olympiad Women 2022"]
[Site "Chennai"]
[Date "2022.07.29"]
[Round "1.37"]
[White "Ali, Amy"]
[Black "Trippold, Denise"]
[Result "0-1"]
[WhiteElo "1361"]
[BlackElo "2151"]
[Annotator "RC"]
[PlyCount "72"]
[EventDate "2022.??.??"]
[TimeControl "60"]

1. d4 Nf6 2. c4 e6 3. g3 d5 4. Bg2 Be7 5. Nf3 O-O 6. O-O c6 7. Nc3 b6 8. Qc2 Ba6 9. Ne5 Nfd7 10. Bf4 Nxe5 11. Bxe5 Bxc4 12. Rfe1 Nd7 13. Bf4 Ba6 14. e4 Nf6 15. e5 Nd7 16. a3 c5 17. Rad1 Rc8 18. Qa4 Nb8 19. dxc5 bxc5 20. Bf1 Bxf1 21. Kxf1 Qb6 22. Qb5 Qxb5+ 23. Nxb5 Nc6 24. Nd6 Rb8 25. Bc1 Nxe5 26. Rxe5 Bxd6 27. Re2 Rb3 28. Re3 Rfb8 29. Rdd3 Rxd3 30. Rxd3 c4 31. Rc3 Be5 32. Rc2 Kf8 33. Ke2 Rb3 34. h3 Ke7 35. Kd2 Kd6 36. Ke2 Kc5 0-1

[Event "44th Chess Olympiad Women 2022"]
[Site "Chennai"]
[Date "2022.07.29"]
[Round "1.37"]
[White "Hapala, Elisabeth"]
[Black "Mohammed, Celine Angelina"]
[Result "1-0"]
[WhiteElo "2113"]
[BlackElo "1100"]
[Annotator "NA RC"]
[PlyCount "89"]
[EventDate "2022.??.??"]
[TimeControl "60"]

1. e4 e5 2. Nf3 Nc6 3. Bb5 a6 4. Ba4 Nf6 5. O-O b5 6. Bb3 Be7 7. Re1 O-O 8. c3 d5 9. exd5 Nxd5 10. Nxe5 Nxe5 11. Rxe5 Bb7 12. d4 f6 13. Re1 Kh8 14. Nd2 Bd6 15. Ne4 Re8 16. Nxd6 Rxe1+ 17. Qxe1 Qxd6 18. Bd2 Qc6 19. f3 Re8 20. Qf2 Qd6 21. Re1 Rxe1+ 22. Qxe1 Qe7 23. Qxe7 Nxe7 24. Bf4 c6 25. a4 g5 26. Bd2 Kg7 27. Kf2 Nf5 28. Bc2 Nd6 29. axb5 axb5 30. Ke2 Nc4 31. Bc1 h6 32. b3 Nd6 33. Ba3 Nc8 34. Bc5 Kf7 35. c4 bxc4 36. bxc4 Ne7 37. Kd2 Ke6 38. g4 Kf7 39. Kc3 Ng8 40. Kb4 Ne7 41. Ka5 Bc8 42. Kb6 Ke8 43. Bxe7 Kxe7 44. Kxc6 Bd7+ 45. Kc7 1-0

[Event "44th Chess Olympiad Women 2022"]
[Site "Chennai"]
[Date "2022.07.29"]
[Round "1.37"]
[White "La Fleur, Zara"]
[Black "Newrkla, Katharina"]
[Result "0-1"]
[WhiteElo "1513"]
[BlackElo "2265"]
[Annotator "RC"]
[PlyCount "148"]
[EventDate "2022.??.??"]
[TimeControl "60"]

1. e4 c5 2. Nf3 d6 3. d4 cxd4 4. Nxd4 Nf6 5. Nc3 a6 6. Be2 e5 7. Nb3 Be7 8. Be3 Be6 9. O-O O-O 10. f3 Nbd7 11. a4 Rc8 12. a5 Qc7 13.
Qd2 Rfd8 14. Rfc1 Nc5 15. Nxc5 dxc5 16. Qe1 c4 17. Kh1 Bc5 18. Bf1 h6 19. Na4 Bxe3 20. Qxe3 Qxa5 21. Nb6 Qc5 22. Qxc5 Rxc5 23. Rd1 Rxd1 24. Rxd1 g5 25. h3 h5 26. g4 Kg7 27. Kg2 h4 28. Kf2 Rc6 29. Nd5 Bxd5 30. exd5 Rc8 31. d6 b5 32. Ke3 Kf8 33. d7 Rd8 34. Rd6 Ke7 35. Rxa6 Rxd7 36. Ra5 Rb7 37. c3 Rb6 38. Ra7+ Ke6 39. Ra5 Nd5+ 40. Ke4 Nf6+ 41. Ke3 Ne8 42. b3 cxb3 43. Rxb5 Rxb5 44. Bxb5 Nd6 45. Bd3 Kd5 46. Ke2 Nc4 47. Be4+ Kc5 48. Kd1 Na3 49. Kc1 Kc4 50. Kb2 Nb5 51. Bb7 Nxc3 52. Ba6+ Kb4 53. Kc1 Ka3 54. Bd3 b2+ 55. Kd2 Kb4 56. Ke3 Kc5 57. Bc2 Kd5 58. Bb3+ Kd6 59. Bc2 b1=Q 60. Bxb1 Nxb1 61. Ke4 Ke6 62. Ke3 Nc3 63. Kf2 Nd5 64. Kg2 Nf4+ 65. Kh2 Kd5 66. Kh1 Kd4 67. Kh2 Ke3 68. Kh1 Kxf3 69. Kg1 e4 70. Kh2 Kf2 71. Kh1 e3 72. Kh2 e2 73. Kh1 e1=Q+ 74. Kh2 Qg1# 0-1

[Event "44th Chess Olympiad Women 2022"]
[Site "Chennai"]
[Date "2022.07.29"]
[Round "1.37"]
[White "Polterauer, Chiara"]
[Black "James, Shemilah"]
[Result "1/2-1/2"]
[WhiteElo "2183"]
[BlackElo "1590"]
[Annotator "RC"]
[PlyCount "131"]
[EventDate "2022.??.??"]
[TimeControl "60"]

1. e4 e5 2. Nf3 Nc6 3. Bc4 Bc5 4. c3 Nf6 5. d3 O-O 6. Nbd2 d6 7. h3 a6 8. Bb3 Ba7 9. Nf1 h6 10. g4 d5 11. Qe2 dxe4 12. dxe4 Re8 13. Ng3 Be6 14. g5 hxg5 15. Bxg5 Bxb3 16. axb3 Qd6 17. Rg1 Kf8 18. Nf5 Qc5 19. Be3 Qb5 20. Bxa7 Qxe2+ 21. Kxe2 Rxa7 22. Nxg7 Rd8 23. Ke3 Raa8 24. Rg2 Rd7 25. Rag1 Rad8 26. Nf5 Rd1 27. Rxd1 Rxd1 28. Rg1 Rd7 29. Rg5 Rd1 30. Rg1 Rd7 31. Ng3 Rd6 32. Nd2 Nd7 33. h4 Rg6 34. Rh1 Nf6 35. Ke2 Ne7 36. Nc4 Nd7 37. Ne3 Nc5 38. h5 Rh6 39. Nef5 Rh7 40. Nxe7 Kxe7 41. h6 Nxb3 42. Nf5+ Kf6 43. Ke3 Nc5 44. Rd1 a5 45. f4 exf4+ 46. Kxf4 Ne6+ 47. Ke3 b6 48. Rg1 Ng5 49. Rd1 Ne6 50. Rf1 Ke5 51. Rh1 Kf6 52. Rh5 Ng5 53. Kf4 Ne6+ 54. Kg4 Nc5 55. Kf3 Ne6 56. b4 axb4 57. cxb4 c5 58. bxc5 bxc5 59. Kg4 Nd4 60. Ne3 Kg6 61. Rxc5 Rxh6 62. Rd5 Ne6 63. Rd6 Rh1 64. Ra6 Kf6 65. Kf3 Rh3+ 66. Kf2 1/2-1/2

[Event "44th Chess Olympiad Women 2022"]
[Site "Chennai"]
[Date "2022.07.29"]
[Round "1.38"]
[White "Masoumi, Sahar"]
[Black "Saraci, Ndriqona"]
[Result "1-0"]
[WhiteElo "1956"]
[BlackElo "1425"]
[Annotator "NA"]
[PlyCount "45"]
[EventDate "2022.??.??"]
[TimeControl "60"]

1. e4 c5 2. c3 Qc7 3. d4 cxd4 4. cxd4 e6 5. Nc3 Bb4 6. Bd2 a6 7. Rc1 Qd8 8. Bd3 d5 9. e5 Nc6 10. Nf3 Nge7 11. O-O Na5 12. Ng5 g6 13. Qf3 O-O 14. Nxh7 Nf5 15. Nf6+ Kg7 16. Bxf5 Rh8 17. Bd3 Nc4 18. Bg5 Be7 19. Bxc4 dxc4 20. d5 exd5 21. Ncxd5 Be6 22. Nxe7 Qxe7 23. Nh5+ 1-0

[Event "44th Chess Olympiad Women 2022"]
[Site "Chennai"]
[Date "2022.07.29"]
[Round "1.38"]
[White "Saraci, Rinesa"]
[Black "Mahdian, Anousha"]
[Result "0-1"]
[WhiteElo "1494"]
[BlackElo "2161"]
[Annotator "RC"]
[PlyCount "69"]
[EventDate "2022.??.??"]
[TimeControl "60"]

1. e4 c6 2. d4 d5 3. Nc3 g6 4. Nf3 Bg7 5. exd5 cxd5 6. Bf4 a6 7. h3 Nf6 8. Be2 O-O 9. O-O Nc6 10. Re1 Ne4 11. Bf1 f5 12. Rc1 e6 13.
Ne5 Qb6 14. f3 Nxe5 15. fxe4 fxe4 16. Be3 Nc6 17. Nxe4 dxe4 18. d5 Bd4 19. Bxd4 Nxd4 20. Kh1 Nf5 21. c4 Ng3+ 22. Kh2 Qd6 23. Kg1 exd5 24. Qxd5+ Qxd5 25. cxd5 Nxf1 26. Rxf1 Rxf1+ 27. Kxf1 Bd7 28. Rc7 Bb5+ 29. Kf2 Rd8 30. Ke3 Rxd5 31. Kxe4 Bc6 32. Ke3 Re5+ 33. Kf4 Rf5+ 34. Ke3 Bxg2 35. Kd4 0-1

[Event "44th Chess Olympiad Women 2022"]
[Site "Chennai"]
[Date "2022.07.29"]
[Round "1.38"]
[White "Sharku, Enesa"]
[Black "Asgharzadeh, Mitra"]
[Result "0-1"]
[WhiteElo "1094"]
[BlackElo "1988"]
[Annotator "NA"]
[PlyCount "112"]
[EventDate "2022.??.??"]
[TimeControl "60"]

1. e4 c5 2. Nf3 d6 3. d4 cxd4 4. Nxd4 Nf6 5. Nc3 g6 6. Be3 Bg7 7. Be2 O-O 8. Qd2 Nc6 9. Nb3 Ng4 10. Bxg4 Bxg4 11. O-O Rc8 12. Bh6 a6 13. Bxg7 Kxg7 14. a4 Ne5 15. h3 Bd7 16. f4 Nc4 17. Qd4+ e5 18. fxe5 dxe5 19. Qd3 Nxb2 20. Qf3 Be6 21. Rab1 Bxb3 22. Rxb2 Qd4+ 23. Qf2 Qxf2+ 24. Rxf2 Rxc3 25. Rxb3 Rxb3 26.
cxb3 Rd8 27. Rc2 Rd3 28. Rc5 Kf6 29. b4 Rd4 30. b5 Rxa4 31.
bxa6 bxa6 32. Kf2 a5 33. Kf3 Ra3+ 34. Ke2 a4 35. Rc6+ Kg5 36. Rc7 Ra2+ 37. Kf3 Ra1 38. Kg3 Kf6 39. Rc6+ Kg7 40. Ra6 a3 41. Kg4 a2 42. h4 h5+ 43. Kg3 f5 44. Ra7+ Kf6 45. Ra6+ Ke7 46.
exf5 gxf5 47. Ra7+ Kd6 48. Ra6+ Kc5 49. Ra5+ Kb4 50. Ra7 f4+ 51. Kf2 e4 52. Rb7+ Kc5 53. Ra7 e3+ 54. Kf3 Rf1+ 55. Ke2 a1=Q 56. Rxa1 Rxa1 0-1

[Event "44th Chess Olympiad Women 2022"]
[Site "Chennai"]
[Date "2022.07.29"]
[Round "1.38"]
[White "Zahedifar, Anahita"]
[Black "Saraci, Nita"]
[Result "1-0"]
[WhiteElo "2160"]
[BlackElo "1555"]
[Annotator "RC"]
[PlyCount "95"]
[EventDate "2022.??.??"]
[TimeControl "60"]

1. d4 d5 2. c4 Nc6 3. cxd5 Qxd5 4. e3 Nf6 5. Nc3 Qd8 6. Nf3 e6 7. Bc4 Bb4 8. O-O Bxc3 9. bxc3 O-O 10. Qc2 Ne7 11. e4 Ng6 12. Rd1 c6 13.
a4 Qc7 14. Bg5 Nh5 15. e5 c5 16. Rac1 b6 17. Qe4 Bb7 18. Qg4 Bxf3 19. gxf3 h6 20. Be3 cxd4 21. cxd4 Nxe5 22. dxe5 Qxe5 23. Bd4 Qg5 24. h4 Qxg4+ 25. fxg4 Nf4 26. Be5 Ng6 27. Bg3 Rac8 28. h5 Ne7 29. Bd6 Rfd8 30. f3 Kh8 31. Kf2 Ng8 32. Rd4 Nf6 33. Rcd1 Ne8 34. Bf4 Rxd4 35. Rxd4 Nf6 36. Be5 Ng8 37. Ba6 Rc2+ 38. Kg3 Rc5 39. Bd6 Rd5 40. Rxd5 exd5 41. Bb8 Nf6 42. Bxa7 Nd7 43. Bb5 Nc5 44. Bxb6 Nb7 45. Bc6 Nd6 46. a5 Kg8 47. a6 Nc8 48. Bd4 1-0

[Event "44th Chess Olympiad Women 2022"]
[Site "Chennai"]
[Date "2022.07.29"]
[Round "1.39"]
[White "Estur, Grace Co"]
[Black "San Diego, Marie Antoinette"]
[Result "0-1"]
[WhiteElo "1472"]
[BlackElo "2101"]
[Annotator "NA RC"]
[PlyCount "58"]
[EventDate "2022.??.??"]
[TimeControl "60"]

1. d4 d5 2. g3 Nf6 3. Bg2 Bf5 4. Nf3 h6 5. O-O e6 6. c3 Nbd7 7. Re1 Be7 8. Nbd2 O-O 9. Ne5 Nxe5 10. dxe5 Ng4 11. Nf3 Bc5 12. Nd4 f6 13. e4 dxe4 14. Bxe4 Nxf2 15. Qh5 Nxe4 16. Rxe4 Bxe4 17. Be3 Bxd4 18. cxd4 Qd5 19. Rc1 c6 20. b3 Bf3 21. Qg6 Bh1 22. Rc2 Be4 23. Qg4 Bf5 24. Qh5 Bxc2 25. Bxh6 Qxd4+ 26. Kf1 fxe5+ 27. Kg2 Rf2+ 28. Kh3 Bf5+ 29. Qxf5 exf5 0-1

[Event "44th Chess Olympiad Women 2022"]
[Site "Chennai"]
[Date "2022.07.29"]
[Round "1.39"]
[White "Mendoza, Shania Mae"]
[Black "Nacario, Ruth"]
[Result "1-0"]
[WhiteElo "2153"]
[BlackElo "1552"]
[Annotator "ChessBase"]
[PlyCount "65"]
[EventDate "2022.??.??"]
[TimeControl "60"]

1. e4 d6 2. d4 Nf6 3. Nc3 g6 4. h3 Bg7 5. Be3 c6 6. g4 h6 7. Bg2 Qc7 8. Nge2 Nbd7 9. Qd2 e5 10. f4 Nb6 11. b3 Bd7 12. a4 a5 13. O-O O-O-O 14. Rab1 c5 15. dxc5 dxc5 16. Nd5 Nbxd5 17. exd5 Ne8 18. fxe5 Bxe5 19. Rxf7 Nd6 20. Rf2 h5 21. g5 Rdf8 22. Rbf1 Nf5 23. Bf4 Re8 24. Bxe5 Qxe5 25. Qxa5 Ne3 26. d6 Qxd6 27. Rf6 Qe5 28. Qa8+ Kc7 29. Qxb7+ Kd8 30. Qb6+ Kc8 31. Bb7+ Kb8 32. Ba6+ Ka8 33. Qb7# 1-0

[Event "44th Chess Olympiad Women 2022"]
[Site "Chennai"]
[Date "2022.07.29"]
[Round "1.39"]
[White "Ollet, Myra"]
[Black "Fronda, Jan Jodilyn"]
[Result "0-1"]
[WhiteElo "1480"]
[BlackElo "2181"]
[Annotator "NA RC"]
[PlyCount "54"]
[EventDate "2022.??.??"]
[TimeControl "60"]

1. d4 Nf6 2. c4 e6 3. Nc3 d5 4. c5 c6 5. Bf4 Nbd7 6. Nf3 Be7 7. h3 O-O 8. e3 Ne4 9. Bd3 Nxc3 10. bxc3 b6 11. cxb6 axb6 12. O-O Ba6 13. Re1 Bxd3 14. Qxd3 Ra3 15. Nd2 Qa8 16. Qc2 c5 17. Nf3 Rc8 18. Ne5 Nxe5 19. dxe5 Qa5 20. Rec1 Ra8 21. Qb2 g5 22. Bg3 Rxa2 23. Rxa2 Qxa2 24. Qxb6 h5 25. f4 Qd2 26. Re1 Ra2 27. Qb8+ Kg7 0-1

[Event "44th Chess Olympiad Women 2022"]
[Site "Chennai"]
[Date "2022.07.29"]
[Round "1.40"]
[White "Campos, Maria Jose"]
[Black "Mpinganjira, Ellen"]
[Result "1-0"]
[WhiteElo "2185"]
[BlackElo "1334"]
[Annotator "ChessBase"]
[PlyCount "73"]
[EventDate "2022.??.??"]
[TimeControl "60"]

1. c4 c5 2. g3 d6 3. Bg2 Nf6 4. Nc3 e6 5. Nf3 Be7 6. O-O O-O 7. d4 cxd4 8.
Nxd4 Nbd7 9. Qd2 Qc7 10. b3 a6 11. Rd1 Rb8 12. Ba3 Rd8 13.
Rac1 Nf8 14. Qb2 Ng6 15. Bb4 e5 16. Nc2 b6 17. Ne3 Be6 18.
Ncd5 Bxd5 19. cxd5 Qa7 20. Rc6 a5 21. Bd2 Ne8 22. Rdc1 h5 23.
Nf5 Bf6 24. Qc2 Ne7 25. Nxe7+ Bxe7 26. Be3 Nf6 27. Rc7 Rb7 28. Qc6 Rdb8 29. Rxb7 Rxb7 30. Qc8+ Kh7 31. Rc6 Rb8 32. Rc7 Rxc8 33. Rxa7 Bd8 34. Rxf7 Bc7 35. Bh3 Kg8 36. Rxf6 gxf6 37. Bxc8 1-0

[Event "44th Chess Olympiad Women 2022"]
[Site "Chennai"]
[Date "2022.07.29"]
[Round "1.40"]
[White "Jambo, Linda"]
[Black "Borda Rodas, Anapaola S."]
[Result "0-1"]
[WhiteElo "1426"]
[BlackElo "2183"]
[Annotator "NA RC"]
[PlyCount "56"]
[EventDate "2022.??.??"]
[TimeControl "60"]

1. e4 e5 2. Nf3 Nc6 3. Bb5 a6 4. Ba4 Nf6 5. O-O b5 6. Bb3 Bc5 7. d3 d6 8. h3 h6 9. a3 O-O 10. Re1 Re8 11. Be3 Be6 12. Bxe6 Rxe6 13. Bxc5 dxc5 14. c3 Rd6 15. Re3 c4 16. d4 exd4 17. cxd4 Nxd4 18. e5 Nxf3+ 19. Qxf3 Rd1+ 20. Kh2 Nh7 21. b3 Ng5 22. Qe2 Qd4 23. bxc4 Rd8 24. Qa2 Qf4+ 25. Rg3 Ne4 26. cxb5 Nxg3 27. fxg3 Qf1 28. g4 R8d3 0-1

[Event "44th Chess Olympiad Women 2022"]
[Site "Chennai"]
[Date "2022.07.29"]
[Round "1.40"]
[White "Msukwa, Tupokiwe"]
[Black "Besso, Guadalupe"]
[Result "1/2-1/2"]
[WhiteElo "1369"]
[BlackElo "2059"]
[Annotator "NA"]
[PlyCount "62"]
[EventDate "2022.??.??"]
[TimeControl "60"]

1. d4 Nf6 2. c4 g6 3. Nc3 d5 4. Bf4 Bg7 5. Nf3 O-O 6. e3 c5 7. Be2 cxd4 8.
exd4 Nc6 9. O-O Bg4 10. Be3 dxc4 11. Bxc4 Rc8 12. Be2 Nd5 13. h3 Bxf3 14. Bxf3 Nxe3 15. fxe3 Bh6 16. Qe2 Na5 17. Rfd1 Nc4 18. Rd3 Qd7 19. e4 Rcd8 20. Nd5 Nb6 21. Nxb6 axb6 22. Rad1 Ra8 23. a3 Bf4 24. e5 Bh6 25. Qe4 Rab8 26. Qd5 Qxd5 27. Bxd5 Rfd8 28. Bf3 Bf4 29. Kf1 e6 30. Ke2 Rd7 31. Be4 Rbd8 1/2-1/2

[Event "44th Chess Olympiad Women 2022"]
[Site "Chennai"]
[Date "2022.07.29"]
[Round "1.40"]
[White "Sarquis, Maria Belen"]
[Black "Banda Tapiwa"]
[Result "1-0"]
[WhiteElo "2072"]
[BlackElo "1238"]
[Annotator "NA RC"]
[PlyCount "59"]
[EventDate "2022.??.??"]
[TimeControl "60"]

1. e4 e5 2. Nf3 d6 3. d4 f6 4. Bc4 Nc6 5. c3 Na5 6. Bd3 a6 7. Qa4+ c6 8. b4 b5 9. Qxa5 Qxa5 10. bxa5 Be7 11. Nbd2 Be6 12. O-O Bd8 13. Nb3 Bc4 14. Rd1 Ne7 15. Be3 Bc7 16. Bf1 d5 17. dxe5 Bxb3 18. axb3 dxe4 19. exf6 exf3 20. fxe7 Kxe7 21. Bc5+ Kf7 22. Rd7+ Ke6 23.
Rxc7 g6 24. Rd1 Rad8 25. Rxc6+ Kf7 26. Rxd8 Rxd8 27. Rd6 Rxd6 28. Bxd6 Ke6 29. Bb4 Kd5 30. c4+ 1-0

[Event "44th Chess Olympiad Women 2022"]
[Site "Chennai"]
[Date "2022.07.29"]
[Round "1.41"]
[White "Ibtihal Mohammed"]
[Black "Aydin, Gulenay"]
[Result "0-1"]
[WhiteElo "1445"]
[BlackElo "2100"]
[Annotator "NA RC"]
[PlyCount "76"]
[EventDate "2022.??.??"]
[TimeControl "60"]

1. e4 c5 2. Nf3 d6 3. g3 Nc6 4. Bg2 Nf6 5. d3 g6 6. O-O Bg7 7. Re1 O-O 8. Nbd2 Rb8 9. a4 a6 10. Nc4 b5 11. axb5 axb5 12. Ne3 Re8 13. h3 Bd7 14. Bd2 e5 15.
Qc1 Rf8 16. g4 Nd4 17. Nh2 Bh6 18. Nhf1 Ne6 19. Nd5 Bxd2 20. Nxf6+ Qxf6 21. Qxd2 Nf4 22. Ne3 Be6 23. Ra6 Rfd8 24. Kh2 Kg7 25. Rh1 h5 26. f3 Ra8 27. Rxa8 Rxa8 28. Nf1 Qh4 29. Kg1 Ra1 30. Qf2 Qxf2+ 31. Kxf2 Ra2 32. Ne3 Rxb2 33. Ra1 Nxd3+ 34. Kg3 Nf4 35. Rd1 hxg4 36. hxg4 Ne2+ 37. Kh2 Nd4 38. c3 Nxf3+ 0-1

[Event "44th Chess Olympiad Women 2022"]
[Site "Chennai"]
[Date "2022.07.29"]
[Round "1.41"]
[White "Okuyaz, Duru"]
[Black "Marwa, Jadalla"]
[Result "1-0"]
[WhiteElo "2090"]
[BlackElo "1316"]
[Annotator "NA RC"]
[PlyCount "40"]
[EventDate "2022.??.??"]
[TimeControl "60"]

1. e4 c5 2. Nf3 Nc6 3. d4 cxd4 4. Nxd4 g6 5. c4 Nf6 6. Nc3 Qb6 7. Be3 Qa5 8. Nb3 Qd8 9. Be2 Bg7 10. O-O O-O 11. f3 d6 12. Nd5 b6 13.
Qd2 Re8 14. a4 Bb7 15. a5 bxa5 16. Nxa5 Nxa5 17. Rxa5 Nxd5 18. cxd5 a6 19. Rfa1 Qd7 20. Bxa6 Bxa6 1-0

[Event "44th Chess Olympiad Women 2022"]
[Site "Chennai"]
[Date "2022.07.29"]
[Round "1.41"]
[White "Rayan Sedee Mohamed"]
[Black "Onur, Cigdem"]
[Result "0-1"]
[WhiteElo "1168"]
[BlackElo "2000"]
[Annotator "NA RC"]
[PlyCount "64"]
[EventDate "2022.??.??"]
[TimeControl "60"]

1. e4 c5 2. Nf3 e6 3. g3 d5 4. exd5 exd5 5. Bg2 Nf6 6. d3 Be7 7. O-O Nc6 8. c3 Bg4 9. Re1 O-O 10. Nbd2 Re8 11. h3 Bh5 12. Nf1 d4 13.
Qc2 dxc3 14. bxc3 Bg6 15. Rd1 c4 16. Qd2 Bxd3 17. Ne1 Bxf1 18. Kxf1 Qc7 19. Qc2 Rad8 20. Bf4 Bd6 21. Bxd6 Rxd6 22. Nf3 Rde6 23. Ng5 Re5 24. Nf3 R5e7 25. h4 h6 26. Nd4 Nxd4 27. cxd4 c3 28. Rab1 Qc4+ 29. Kg1 Re2 30. Bf1 Qxa2 31. Qxc3 Rxf2 32. Rd2 Qxd2 0-1

[Event "44th Chess Olympiad Women 2022"]
[Site "Chennai"]
[Date "2022.07.29"]
[Round "1.42"]
[White "Martynkova, Olena"]
[Black "Nepando, Jolly"]
[Result "1-0"]
[WhiteElo "2213"]
[BlackElo "1389"]
[Annotator "ChessBase"]
[PlyCount "69"]
[EventDate "2022.??.??"]
[TimeControl "60"]

1. d4 d5 2. c4 e6 3. Nf3 Nc6 4. Nc3 Nf6 5. Bg5 Be7 6. e3 b6 7. cxd5 Nxd5 8. Bb5 Bd7 9. Nxd5 exd5 10. Qa4 Nb8 11. Bxe7 Qxe7 12. Ne5 a6 13. Nxd7 Nxd7 14. Bc6 Ra7 15. O-O Qe6 16. Rac1 Kd8 17. Qb3 Nf6 18. a4 Ke7 19. f3 Rd8 20. a5 b5 21. Qa3+ Qd6 22. Rc5 Nd7 23.
Rxd5 Qxa3 24. bxa3 Nb8 25. Rxd8 Kxd8 26. Rc1 Ke7 27. e4 f6 28. h4 Kd6 29. d5 Nd7 30. Bxd7 Kxd7 31. Rc6 Kc8 32. h5 Kb7 33. h6 g6 34. Rxf6 Ra8 35. Rf7 1-0

[Event "44th Chess Olympiad Women 2022"]
[Site "Chennai"]
[Date "2022.07.29"]
[Round "1.42"]
[White "Sibajeva, Marija"]
[Black "Beukes Jamie-Nicole"]
[Result "1-0"]
[WhiteElo "2032"]
[BlackElo "1231"]
[Annotator "NA RC"]
[PlyCount "65"]
[EventDate "2022.??.??"]
[TimeControl "60"]

1. e4 c5 2. Nf3 e6 3. d4 cxd4 4. Nxd4 Nc6 5. Nc3 Qc7 6. Be3 a6 7. Qd2 Nf6 8. f3 Be7 9. O-O-O O-O 10. g4 b5 11. Be2 Bb7 12. g5 Ne8 13.
Nb3 d6 14. f4 Rd8 15. Rhg1 Ba8 16. f5 Rc8 17. Bg4 exf5 18. Nd5 Qb8 19. Bxf5 Rd8 20. Bb6 Ne5 21. Bxd8 Bxd8 22. Rg3 Bb7 23. Qe2 g6 24. Bh3 Ng7 25. Nf6+ Kh8 26. Bg4 Nxg4 27. Qxg4 Bc8 28. Qh4 Bxf6 29. gxf6 Nh5 30. Rgd3 Bb7 31. Rxd6 Re8 32. Nc5 Qa8 33. Nxb7 1-0

[Event "44th Chess Olympiad Women 2022"]
[Site "Chennai"]
[Date "2022.07.29"]
[Round "1.42"]
[White "Tsuses, Patience"]
[Black "Simkunaite, Gabija"]
[Result "0-1"]
[WhiteElo "1075"]
[BlackElo "2010"]
[Annotator "NA RC"]
[PlyCount "92"]
[EventDate "2022.??.??"]
[TimeControl "60"]

1. e4 c6 2. d4 d5 3. Nc3 dxe4 4. Nxe4 Nf6 5. Nxf6+ exf6 6. Nf3 Bg4 7. Be2 Bd6 8. Be3 O-O 9. h3 Bh5 10. g4 Bg6 11. Bd3 Re8 12. Qd2 Bf4 13.
O-O-O Bxe3 14. fxe3 Qd5 15. Bxg6 hxg6 16. Nh2 Qxa2 17. c3 Nd7 18. Rhe1 Nb6 19. Qc2 Nc4 20. Nf1 a5 21. Qb1 Qxb1+ 22. Kxb1 f5 23. b3 Nd6 24. Ng3 fxg4 25. hxg4 Ne4 26. Nxe4 Rxe4 27. g5 Rae8 28. Rd2 Rxe3 29. Rxe3 Rxe3 30. Kc2 Kf8 31. Rg2 b5 32. Kd2 Rf3 33. Kc2 Ke7 34. Re2+ Kd7 35. Re5 Rf5 36. Re2 Rxg5 37. Rh2 Rh5 38. Rf2 f6 39. Rf3 g5 40. Kd3 g4 41. Rf4 f5 42. c4 Rh3+ 43.
Kd2 Rf3 44. Rxf3 gxf3 45. cxb5 cxb5 46. Ke3 a4 0-1

[Event "44th Chess Olympiad Women 2022"]
[Site "Chennai"]
[Date "2022.07.29"]
[Round "1.42"]
[White "Van Wyk, Keisha C"]
[Black "Baginskaite, Kamile"]
[Result "0-1"]
[WhiteElo "1237"]
[BlackElo "2134"]
[Annotator "NA"]
[PlyCount "70"]
[EventDate "2022.??.??"]
[TimeControl "60"]

1. e4 c5 2. Nf3 d6 3. d4 cxd4 4. Nxd4 Nf6 5. Nc3 a6 6. Be3 e5 7. Nf3 Qc7 8. Bd3 b5 9. Nd5 Nxd5 10. exd5 Be7 11. Ng5 Bxg5 12. Bxg5 f5 13. O-O O-O 14. Rc1 Nd7 15. c4 b4 16. Qc2 Nc5 17. Be2 f4 18.
f3 Bf5 19. Qd2 a5 20. Bh4 Rae8 21. g3 Bh3 22. Rf2 e4 23. Rg2 Bxg2 24. Kxg2 exf3+ 25. Bxf3 Re3 26. gxf4 Rd3 27. Qe2 Rxf4 28. Bg4 Rdd4 29. Qe8+ Rf8 30. Qh5 g6 31. Qg5 Qf7 32. Re1 h6 33. Qxh6 Rxg4+ 34. Kh3 Qf5 35. Re7 Rf4+ 0-1